 Dungeon Crawl Stone Soup version 0.20-a0-2-g2b0e13a (console) character file.

8689 brucemayne the Severer (level 11, -4/142 HPs)
             Began as a Hill Orc Monk on Oct 28, 2016.
             Was a High Priest of Makhleb.
             Slain by Donald
             ... wielding a +3 eveningstar of freezing
              (20 damage)
             ... on level 2 of the Orcish Mines.
             The game lasted 00:34:48 (5153 turns).

brucemayne the Severer (Hill Orc Monk)              Turns: 5153, Time: 00:34:49

Health: -4/142     AC: 16    Str: 22 (23) XL:     11   Next: 34%
Magic:  15/15      EV:  7    Int: 12      God:    Makhleb [*****.]
Gold:   934        SH:  5    Dex: 13      Spells: 1 memorised, 8 levels left

rFire  . . .     SeeInvis +     U - +0 war axe (venom)
rCold  . . .     Gourm    .     n - +0 plate armour
rNeg   . . .     Faith    .     v - +0 buckler
rPois  .         Spirit   .     (helmet restricted)
rElec  .         Reflect  .     W - +0 cloak
rCorr  .         Harm     .     l - +1 pair of gloves
MR     .....     Rnd*Rage +     E - +0 pair of boots
Stlth  ..........               X - amulet of rage
                                g - ring of see invisible
                                f - +3 ring of slaying

@: berserking, very slightly contaminated, hasted, very quick
A: antennae 1, berserk 1, clever 1, screaming 1, MP-powered wands
a: Minor Destruction, Lesser Servant of Makhleb, Major Destruction, Greater
Servant of Makhleb, Renounce Religion, Evoke Berserk Rage


You were on level 2 of the Orcish Mines.
You worshipped Makhleb.
Makhleb was extremely pleased with you.
You were not hungry.

You visited 3 branches of the dungeon, and saw 14 of its levels.

You collected 1016 gold pieces.
You spent 82 gold pieces at shops.

Inventory:

Hand Weapons
 e - a +1 war axe of flaming
 R - a +1 hand axe of electrocution
 U - a +0 war axe of venom (weapon)
Missiles
 Q - 3 javelins (quivered)
Armour
 d - a +0 helmet
 j - a +0 troll leather armour
 l - a +1 pair of gloves (worn)
 n - a +0 plate armour (worn)
 v - a +0 buckler (worn)
 w - +0 mottled dragon scales
 E - a +0 pair of boots (worn)
 W - a +0 cloak (worn)
Jewellery
 f - a +3 ring of slaying (left hand)
 g - a ring of see invisible (right hand)
 m - an uncursed ring of ice
 s - a +5 ring of strength
 D - an uncursed ring of protection from fire
 X - an amulet of rage (around neck)
Wands
 o - a wand of lightning (5/15)
Scrolls
 a - a scroll of fog
 q - a scroll of remove curse {unknown}
 t - 7 scrolls of random uselessness {unknown}
 u - a scroll of enchant weapon {unknown}
 y - 2 scrolls of fear {unknown}
 K - a scroll of recharging {unknown}
 M - a scroll of enchant armour {unknown}
 S - a scroll of amnesia {unknown}
 Z - a scroll of magic mapping
Potions
 k - a potion of curing
 p - a potion of flight
 x - 2 potions of haste
 I - 2 potions of berserk rage
 L - 2 potions of lignification
Books
 b - a book of Air

   Spells                             Type                      Level
   a - Shock                          Conjuration/Air              1
   b - Swiftness                      Charms/Air                   2
   c - Repel Missiles                 Charms/Air                   2
   d - Static Discharge               Conjuration/Air              3
   e - Lightning Bolt                 Conjuration/Air              5
 B - a book of Ice

   Spells                             Type                      Level
   a - Ice Form                       Ice/Transmutation            4
   b - Metabolic Englaciation         Hexes/Ice                    5
   c - Ozocubu's Refrigeration        Ice                          6
   d - Bolt of Cold                   Conjuration/Ice              6
   e - Freezing Cloud                 Conjuration/Ice/Air          6
   f - Simulacrum                     Ice/Necromancy               6
 N - a book of Geomancy

   Spells                             Type                      Level
   a - Sandblast                      Earth                        1
   b - Passwall                       Transmutation/Earth          2
   c - Stone Arrow                    Conjuration/Earth            3
   d - Petrify                        Transmutation/Earth          4
   e - Lee's Rapid Deconstruction     Earth                        5
Comestibles
 c - 3 bread rations
 P - 2 meat rations


   Skills:
 + Level 8.8 Fighting
 + Level 16.6 Axes
 - Level 4.4 Armour
 - Level 2.4 Dodging
 - Level 1.5 Stealth
 - Level 6.0 Shields
 - Level 6.1 Invocations
 - Level 1.5 Evocations


You had 8 spell levels left.
You knew the following spells:

 Your Spells              Type           Power        Failure   Level  Hunger
a - Repel Missiles        Chrm/Air       #.....       100%        2    ###....


Dungeon Overview and Level Annotations

Branches:
Dungeon (11/15)            Temple (1/1) D:7             Orc (2/2) D:11
    Elf (0/3) Orc:2
   Lair: D:8-11

Altars:
Ashenzari
Cheibriados
Dithmenos
Gozag
Kikubaaqudgha
Makhleb
Nemelex Xobeh
Okawaru
Qazlal
Ru
Sif Muna
Uskayaw
Vehumet
Xom
Yredelemnul
Zin
The Shining One
Beogh

Shops:
D:4 [:(   D:9 [[(?   Orc:2 =

Annotations:
D:3 Grinder, Purgy
D:6 exclusion: downstairs
D:7 exclusion: downstairs
D:10 exclusion: downstairs, Gastronok
Orc:2 Donald, Maurice


Innate Abilities, Weirdness & Mutations

You have a pair of small antennae on your head.
You tend to lose your temper in combat.
Your mind is acute. (Int +2)
You occasionally shout uncontrollably at your foes.
You expend magic power (3 MP) to strengthen your wands.


Message History

Donald says, "I just stubbed my toe.
Does that mean I'm cleansed?"
Donald hits you with an eveningstar of freezing!
* * * LOW HITPOINT WARNING * * *
Donald freezes you!
* * * LOW HITPOINT WARNING * * *
Your ufetubus barely misses Donald.
Donald blocks your ufetubus's attack.
Your ufetubus closely misses Maurice. x2; Your ufetubus hits Maurice.
Your ufetubus barely misses Maurice.
You hit Donald.
Donald looks as sick as possible!
Donald is heavily wounded.
Your ynoxinul hits Donald but does no damage.
Maurice hits your ufetubus with a dagger.
Your ufetubus misses Maurice.
Your ufetubus hits Maurice but does no damage.
Unknown command.
You slash Donald!
Donald is severely wounded.
Your ufetubus hits Donald. Donald blocks your ufetubus's attack.
Donald hits you with an eveningstar of freezing!!
You die...

........#...#.#.#..._...#.
.........#)_.#.#.##.....##.
#........#)).#....##.∩.##..
#........#'###.#.. #####...
.....#........##.. ......
............### #. ......
.#.#.#.....## #. ......
###..555### ......
#...@5@@# #..... ##..##3##
#..... #.###### ......
#....§.# #..... #..........
##.... #.#........# ##...
#. ......#...# #... ..
..........## ..... .
.@..........# .....


You could see Donald (invisible), Maurice, a friendly ynoxinul and 4 friendly
ufetubi.

Vanquished Creatures
  Pikel (D:6)
  The ghost of Tux the Geomancer, a novice GrEE of Vehumet (D:9)
  A cyclops (D:11)
  2 trolls
  2 two-headed ogres
  2 shadows
  A wraith (D:11)
  3 hungry ghosts (D:10)
  A mottled dragon (D:11)
  9 orc warriors
  A slave (D:7)
  2 sky beasts (D:11)
  A black bear (D:10)
  2 ice beasts (D:10)
  5 ogres
  3 centaurs
  2 big kobolds (D:11)
  A bullfrog (D:6)
  A wyvern skeleton (D:8)
  3 troll zombies (D:11)
  4 scorpions
  16 wights
  13 killer bees
  A howler monkey (D:10)
  4 crimson imps
  2 centaur zombies
  2 jellies
  5 hounds
  7 orc priests
  9 orc wizards
  2 iguanas
  10 worker ants
  5 ogre zombies (D:11)
  A hound zombie (D:7)
  A hound skeleton (D:6)
  A howler monkey skeleton (D:4)
  11 adders
  2 gnolls (D:5)
  4 shadow imps
  2 adder zombies (D:9)
  A worm (D:4)
  A dart slug (D:4)
  3 leopard geckos
  38 orcs
  2 giant cockroaches
  2 goblins (D:11)
  3 hobgoblins
  14 kobolds
  2 quokkas
  3 bats
  A frilled lizard (D:2)
  2 goblin zombies (D:11)
  2 hobgoblin skeletons (D:11)
  2 hobgoblin zombies (D:11)
  2 jackal skeletons
  2 orc skeletons (D:11)
  17 orc zombies (D:11)
  3 rats
246 creatures vanquished.

Vanquished Creatures (collateral kills)
  An orc sorcerer (Orc:2)
  An orc warrior (Orc:2)
2 creatures vanquished.

Vanquished Creatures (others)
  A slave (D:6)
  A ball python (D:6)
2 creatures vanquished.

Grand Total: 250 creatures vanquished

Notes
Turn   | Place    | Note
-------+----------+-------------------------------------------
     0 | D:1      | brucemayne the Hill Orc Monk began the quest for the Orb.
     0 | D:1      | Reached XP level 1. HP: 19/19 MP: 1/1
    81 | D:1      | Reached XP level 2. HP: 24/26 MP: 2/2
   114 | D:2      | Found a shimmering altar of Xom.
   114 | D:2      | Found a sparkling altar of Nemelex Xobeh.
   121 | D:2      | Found a sacrificial altar of Ru.
   123 | D:2      | Found a stormy altar of Qazlal.
   124 | D:2      | Found a glowing golden altar of the Shining One.
   179 | D:2      | Reached skill level 5 in Axes
   213 | D:2      | Reached XP level 3. HP: 15/31 MP: 3/3
   317 | D:3      | Noticed Purgy
   324 | D:4      | Found Zeweusak's Weapon Shop.
   330 | D:4      | Found Xomued's Book Boutique.
   369 | D:4      | Reached skill level 6 in Axes
   369 | D:4      | Reached XP level 4. HP: 25/39 MP: 4/4
   404 | D:5      | Entered Level 5 of the Dungeon
   580 | D:6      | Noticed a centaur
   611 | D:5      | Noticed an ice beast
   653 | D:3      | Noticed Grinder
   713 | D:4      | Found an iron altar of Okawaru.
   757 | D:4      | Reached skill level 7 in Axes
   783 | D:4      | Found Piluqyxt's Armour Shoppe.
   830 | D:5      | Reached XP level 5. HP: 43/45 MP: 5/5
   876 | D:5      | Reached skill level 8 in Axes
  1110 | D:5      | Reached XP level 6. HP: 44/51 MP: 6/6
  1264 | D:6      | Reached skill level 9 in Axes
  1359 | D:6      | Noticed an orc warrior
  1420 | D:5      | Reached skill level 1 in Shields
  1420 | D:5      | Reached XP level 7. HP: 21/57 MP: 7/7
  1428 | D:5      | Reached skill level 10 in Axes
  1786 | D:6      | Noticed Pikel
  1816 | D:6      | Killed Pikel
  1816 | D:6      | Reached skill level 11 in Axes
  1816 | D:6      | Reached XP level 8. HP: 32/64 MP: 8/8
  1840 | D:6      | Reached skill level 5 in Shields
  2079 | D:7      | Found a staircase to the Ecumenical Temple.
  2079 | D:7      | Noticed a two-headed ogre
  2316 | D:6      | Reached skill level 12 in Axes
  2342 | Temple   | Entered the Ecumenical Temple
  2474 | Temple   | Became a worshipper of Makhleb the Destroyer
  2474 | Temple   | Reached * piety under Makhleb
  2474 | Temple   | Reached ** piety under Makhleb
  2513 | D:8      | Noticed a troll
  2546 | D:7      | Reached skill level 1 in Armour
  2576 | D:7      | Found a shadowy altar of Dithmenos.
  2650 | D:7      | Reached XP level 9. HP: 62/72 MP: 9/9
  2806 | D:7      | Reached skill level 5 in Fighting
  2968 | D:7      | Reached skill level 1 in Invocations
  3038 | D:7      | Killed a two-headed ogre
  3101 | D:8      | Found a deep blue altar of Sif Muna.
  3227 | D:9      | Found Ifanutalo's Armour Shoppe.
  3241 | D:9      | Noticed Tux's ghost (novice GrEE)
  3266 | D:9      | Killed Tux's ghost
  3266 | D:9      | Reached skill level 13 in Axes
  3281 | D:9      | Found Gaaro's Antique Armour Shop.
  3304 | D:9      | Found Tacvek's Antique Weapon Shoppe.
  3322 | D:9      | Found Zonedw Qecs's Magic Scroll Shoppe.
  3334 | D:9      | Bought a scroll of magic mapping for 52 gold pieces
  3334 | D:9      | Bought a scroll of fog for 30 gold pieces
  3382 | D:9      | Reached *** piety under Makhleb
  3382 | D:9      | Reached XP level 10. HP: 79/83 MP: 12/12
  3390 | D:9      | Reached skill level 14 in Axes
  3400 | D:10     | Entered Level 10 of the Dungeon
  3429 | D:10     | Noticed Gastronok
  3433 | D:10     | Paralysed by a hornet for 2 turns
  3735 | D:9      | Reached skill level 1 in Evocations
  3741 | D:9      | Learned a level 2 spell: Repel Missiles
  3956 | D:11     | Reached skill level 5 in Invocations
  4037 | D:11     | Reached **** piety under Makhleb
  4066 | D:11     | Noticed a cyclops
  4164 | D:11     | Killed a cyclops
  4179 | D:10     | Noticed a hill giant
  4384 | D:10     | Reached skill level 15 in Axes
  4421 | D:11     | Reached ***** piety under Makhleb
  4448 | D:11     | Found a staircase to the Orcish Mines.
  4456 | D:11     | Reached XP level 11. HP: 77/95 MP: 15/15
  4646 | D:11     | Gained mutation: You tend to lose your temper in combat. [mutagenic meat]
  4647 | D:11     | Gained mutation: Your mind is acute. (Int +2) [mutagenic meat]
  4648 | D:11     | Gained mutation: You expend magic power (3 MP) to strengthen your wands. [mutagenic meat]
  4649 | D:11     | Gained mutation: You occasionally shout uncontrollably at your foes. [mutagenic meat]
  4650 | D:11     | Gained mutation: You have a pair of small antennae on your head. [mutagenic meat]
  4681 | Orc:1    | Entered Level 1 of the Orcish Mines
  4689 | Orc:1    | Reached skill level 16 in Axes
  4895 | Orc:2    | Entered Level 2 of the Orcish Mines
  4930 | Orc:2    | Found a staircase to the Elven Halls.
  5045 | Orc:2    | Found a roughly hewn altar of Beogh.
  5046 | Orc:2    | Noticed an orc sorcerer
  5058 | Orc:2    | Found Intemm's Jewellery Shop.
  5059 | Orc:2    | Paralysed by an orc sorcerer for 3 turns
  5067 | Orc:2    | Killed an orc sorcerer
  5104 | Orc:2    | Found a roughly hewn altar of Beogh.
  5127 | Orc:2    | Noticed Maurice
  5130 | Orc:2    | Noticed Donald
  5153 | Orc:2    | Slain by Donald

Vault maps used:
D:1:      ldierk_walled_garden_2
D:2:      chequers_temple_overflow_minitemple
D:3:      uniq_purgy, uniq_terence, uniq_grinder
D:4:      serial_shops, shop, nicolae_shop_trees, nicolae_shop_trees,
          first_bread, okawaru_trees_2
D:5:      trog_butcher_becter
D:6:      nicolae_whirlpool, uniq_pikel
D:7:      marbit_many_paths
D:8:      lemuel_ice_spiral_2, nicolae_overflow_hidden_temple
D:9:      serial_shops, nicolae_shop_trees, kennysheep_mini_moat, shop, shop,
          shop, basic_altar
D:10:     minmay_bloctagon, grunt_ministairs_11, grunt_pizzeria,
          nicolae_gozag_seed_capital, uniq_gastronok
D:11:     lair_0_dummy, zombieorc2_lemuel, enter_bailey_3
Temple:   minmay_temple_curvy_branch
Orc:2:    grunt_orc_community_town_hall, grunt_orc_community_big_house_1,
          grunt_orc_community_big_house_1, grunt_orc_community_house_3,
          grunt_orc_community_house_1, grunt_orc_community_house_3,
          grunt_orc_community_house_1, grunt_orc_community_house_2,
          uniq_maurice, uniq_donald

Skill      XL: |  1  2  3  4  5  6  7  8  9 10 11 |
---------------+----------------------------------+-----
Axes           | 5 6 7 8 9 11 12 13 15 16 | 16.6
Shields        | 1 4 6 |  6.0
Armour         | 2 4 |  4.4
Fighting       | 4 6 8 |  8.8
Invocations    | 3 6 |  6.1
Evocations     | 1 |  1.5
Dodging        | |  2.4
Stealth        | |  1.5

Action                   |  1- 3 |  4- 6 |  7- 9 | 10-12 || total
-------------------------+-------+-------+-------+-------++-------
Melee: Hand axe          |    56 |   124 |    43 |       ||   223
       War axe           |       |       |   212 |   300 ||   512
Throw: Javelin           |       |       |     3 |       ||     3
Invok: Lesser Servant of |       |       |       |     3 ||     3
 Abil: Evoke Berserk Rag |       |       |     1 |     2 ||     3
  Use: Scroll            |       |     4 |     2 |     4 ||    10
       Potion            |       |     1 |     4 |     5 ||    10
 Stab: Sleeping          |     1 |       |       |       ||     1
  Eat: Chunk             |       |     1 |     3 |    13 ||    17
       Meat ration       |       |       |     1 |       ||     1
       Bread ration      |       |       |       |     3 ||     3
       Beef jerky        |       |       |       |     1 ||     1
Armor: Ring mail         |    26 |    14 |       |       ||    40
       Robe              |     1 |       |       |       ||     1
       Plate armour      |       |    25 |   126 |   169 ||   320
       Skin              |       |       |     4 |       ||     4
Dodge: Dodged            |    56 |    39 |    61 |    95 ||   251
Block: Buckler           |       |    13 |    55 |    70 ||   138
